 Dungeon Crawl Stone Soup version 0.20.1-1-g8b1a95d (webtiles) character file.

287 Liatris the Chopper (level 6, 0/46 HPs)
             Began as a Demonspawn Gladiator on Aug 16, 2017.
             Slain by a gnoll
             ... wielding a +0 spear
              (3 damage)
             ... on level 4 of the Dungeon.
             The game lasted 00:15:25 (4237 turns).

Liatris the Chopper (Demonspawn Gladiator)          Turns: 4237, Time: 00:15:25

Health: 0/46       AC:  4    Str: 16    XL:     6   Next: 8%
Magic:  6/6        EV: 13    Int:  9    God:
Gold:   191        SH:  0    Dex: 15    Spells: 5/5 levels left

rFire    . . .     SeeInvis +   a - +1 war axe
rCold    . . .     Gourm    .   (no shield)
rNeg     . . .     Faith    .   b - +1 leather armour
rPois    .         Spirit   .   s - +0 hat
rElec    .         Reflect  .   (no cloak)
rCorr    .         Harm     .   (no gloves)
MR       ++...                  (no boots)
Stlth    ++++......             (no amulet)
Regen    0.2/turn               n - ring of see invisible
MPRegen  0.1/turn               p - ring of protection from magic

@: hasted, very quick
A: antennae 1, beak, clumsy 1, magic resistance 1, nightstalker 2, strong 1
a: no special abilities


You were on level 4 of the Dungeon.
You were not hungry.

You visited 1 branch of the dungeon, and saw 4 of its levels.

You collected 191 gold pieces.

Inventory:

Hand Weapons
 a - a +1 war axe (weapon)
 q - a +1 short sword of distortion
Missiles
 d - 3 throwing nets (quivered)
Armour
 b - a +1 leather armour (worn)
 c - a +0 helmet
 s - a +0 hat (worn)
Jewellery
 e - a +3 ring of intelligence
 l - an uncursed amulet of harm
 n - a ring of see invisible (left hand)
 p - a ring of protection from magic (right hand)
Wands
 h - a wand of enslavement (13/24)
Scrolls
 k - 2 scrolls of magic mapping
 m - a scroll of blinking
 o - 2 scrolls of enchant armour
 t - a scroll of recharging
 v - a scroll of remove curse
Potions
 i - a potion of brilliance
 j - a potion of curing
 u - a potion of might
Comestibles
 f - 3 bread rations
 g - 2 meat rations


   Skills:
 + Level 2.9 Fighting
 + Level 4.0 Axes
 + Level 1.8 Throwing
 + Level 1.7 Armour
 * Level 3.8 Dodging
 * Level 2.2 Stealth


You had 5 spell levels left.
You didn't know any spells.

Dungeon Overview and Level Annotations

Branches:
Dungeon (4/15)
 Temple: D:4-7

Altars:
Elyvilon
Gozag
Uskayaw


Innate Abilities, Weirdness & Mutations

You have a pair of small antennae on your head.
You are significantly more attuned to the shadows.
You have a beak for a mouth.
You are clumsy. (Dex -2)
You are resistant to hostile enchantments. (MR+)
Your muscles are strong. (Str +2)


Message History

The orc closely misses you. The gnoll hits you but does no damage.
A gnoll comes into view. It is wielding a whip.
The gnoll shouts!
You hit the orc but do no damage.
The orc is lightly wounded.
You completely miss the howler monkey skeleton.
The howler monkey skeleton completely misses you.
The gnoll hits you from afar with a spear.
* * * LOW HITPOINT WARNING * * *
The gnoll hits you but does no damage. The orc hits you with a flail.
* * * LOW HITPOINT WARNING * * *
You feel better. The howler monkey skeleton hits you.
* * * LOW HITPOINT WARNING * * *
The gnoll barely misses you. The gnoll misses you. The orc barely misses you.
You feel yourself speed up.
The howler monkey skeleton closely misses you.
The gnoll hits you from afar with a spear!
* * * LOW HITPOINT WARNING * * *
The gnoll hits you from afar with a spear.
You die...

......# ##.........
.>....# #..........
......# ##..........
......# #...........
......### ##...........
........####............
.....g..................
.....g.)................
......go@................
.......Z)..#........####.
..........#####....## ##
##..............###
##..## #
#..............## #..# #
#..............# #..#
#..............# #..##
............[..## ##...#
................#
##....##


You could see 3 gnolls, an orc and a howler monkey skeleton.

Vanquished Creatures
  An ogre (D:3)
  An orc wizard (D:4)
  A worker ant (D:4)
  5 adders
  A gnoll (D:4)
  An adder zombie (D:3)
  4 worms
  3 dart slugs (D:2)
  4 leopard geckos
  4 orcs (D:4)
  5 bats
  2 giant cockroaches
  9 goblins
  3 hobgoblins (D:3)
  A jackal (D:3)
  8 kobolds
  3 quokkas (D:2)
  4 frilled lizards
  8 rats
68 creatures vanquished.

Notes
Turn   | Place    | Note
-------+----------+-------------------------------------------
     0 | D:1      | Liatris the Demonspawn Gladiator began the quest for the Orb.
     0 | D:1      | Reached XP level 1. HP: 16/16 MP: 1/1
   441 | D:1      | Gained mutation: You are slightly more attuned to the shadows. [demonic ancestry]
   441 | D:1      | Reached XP level 2. HP: 22/22 MP: 2/2
   651 | D:1      | Reached skill level 3 in Axes
  1298 | D:2      | Gained mutation: You have a pair of small antennae on your head. [demonic ancestry]
  1298 | D:2      | Reached XP level 3. HP: 22/27 MP: 3/3
  1728 | D:2      | Found a white marble altar of Elyvilon.
  1728 | D:2      | Found an opulent altar of Gozag.
  1905 | D:2      | Reached skill level 1 in Armour
  1905 | D:2      | Reached skill level 1 in Stealth
  2020 | D:2      | Gained mutation: You are significantly more attuned to the shadows. [demonic ancestry]
  2020 | D:2      | Reached XP level 4. HP: 33/33 MP: 4/4
  2696 | D:3      | Noticed an ogre
  2699 | D:3      | Gained mutation: Your muscles are strong. (Str +2) [potion of mutation]
  2699 | D:3      | Gained mutation: You are resistant to hostile enchantments. (MR+) [potion of mutation]
  2699 | D:3      | Gained mutation: You are clumsy. (Dex -2) [potion of mutation]
  2699 | D:3      | Gained mutation: You have a beak for a mouth. [potion of mutation]
  2707 | D:3      | Killed an ogre
  2707 | D:3      | Reached XP level 5. HP: 12/39 MP: 5/5
  3083 | D:3      | Found a hide-covered altar of Uskayaw.
  3523 | D:4      | Reached skill level 4 in Axes
  4232 | D:4      | Reached XP level 6. HP: 22/46 MP: 6/6
  4237 | D:4      | Slain by a gnoll

Skill      XL: |  1  2  3  4  5 |
---------------+----------------+-----
Axes           | 3 4 |  4.0
Dodging        | 3 |  3.8
Armour         | 1 |  1.7
Stealth        | 1 2 |  2.2
Fighting       | |  2.9
Throwing       | |  1.8

Action                   |  1- 3 |  4- 6 || total
-------------------------+-------+-------++-------
Melee: War axe           |    94 |    88 ||   182
       Peck              |       |    14 ||    14
  Use: Scroll            |     4 |     7 ||    11
       Potion            |     1 |     9 ||    10
 Stab: Sleeping          |     2 |     9 ||    11
  Eat: Royal jelly       |     2 |     2 ||     4
       Meat ration       |       |     1 ||     1
       Fruit             |       |     1 ||     1
Armor: Leather armour    |    18 |    18 ||    36
Dodge: Dodged            |    80 |    77 ||   157
